 Dungeon Crawl Stone Soup version 0.17.0-23-g0de4337 (webtiles) character file.

992 JudasIscariot the Ruffian (level 7, -2/105 HPs)
             Began as a Troll Monk on Nov 14, 2015.
             Slain by an orc warrior
             ... wielding a +0 battleaxe
              (24 damage)
             ... on level 6 of the Dungeon.
             The game lasted 00:10:17 (4211 turns).

JudasIscariot the Ruffian (Troll Monk)              Turns: 4211, Time: 00:10:18

Health: -2/105     AC:  5    Str: 25    XL:     7   Next: 98%
Magic:  16/16      EV: 12    Int:  6    God:
Gold:   235        SH:  0    Dex: 16    Spells: 0 memorised, 6 levels left

rFire  . . .     SeeInvis .       - Unarmed
rCold  . . .     Rnd*Rage +     a - +0 robe
rNeg   . . .     SustAt   .     (no shield)
rPois  .         Gourm    +     (helmet restricted)
rElec  .         Spirit   .     (no cloak)
rCorr  .         Warding  .     (gloves unavailable)
rMut   .         Stasis   .     (boots unavailable)
MR     .....                    u - amulet of rage
Stlth  ..........               (no ring)
                                y - ring of magical power

@: berserking, lethally poisoned (-2 -> -3), very quick, not resistant to
hostile enchantments, extremely unstealthy
A: unfitting armour, antennae 1, claws 3, hooves 1, agile 1, berserk 1, fast
metabolism 3, gourmand, regeneration 2, shaggy fur 1, tough skin 2, wild magic 1
a: Evoke Berserk Rage


You were on level 6 of the Dungeon.
You were very full.

You visited 1 branch of the dungeon, and saw 6 of its levels.

You collected 235 gold pieces.

Inventory:

Missiles
 l - 8 silver bolts
 p - 15 bolts
Armour
 a - a +0 robe (worn)
Jewellery
 u - an amulet of rage (around neck)
 y - a ring of magical power (left claw)
 G - an uncursed amulet of guardian spirit
Wands
 C - a wand of magic darts (35)
Scrolls
 e - 2 scrolls of amnesia
 g - a scroll of blinking {unknown}
 j - a scroll of recharging {unknown}
 s - 2 scrolls of fog {unknown}
 w - 2 scrolls of remove curse
 A - a scroll of magic mapping {unknown}
 B - a scroll of fear {unknown}
 D - a scroll of teleportation {unknown}
 H - a scroll of enchant weapon {unknown}
Potions
 d - a potion of magic
 f - a potion of haste
 i - 3 potions of curing {unknown}
 k - a potion of degeneration {unknown}
 n - 4 potions of cancellation {unknown}
 o - a potion of lignification {unknown}
 q - a potion of invisibility {unknown}
 r - 2 potions of poison {unknown}
 t - 3 potions of agility {unknown}
 v - a potion of flight {unknown}
 x - a potion of might {unknown}
 F - a potion of brilliance {unknown}
Comestibles
 b - 5 bread rations
 c - 2 meat rations
 m - a royal jelly
 z - 4 fruits
 E - a slice of pizza


   Skills:
 * Level 4.1 Fighting
 * Level 4.9 Dodging
 + Level 1.6 Stealth
 * Level 6.8 Unarmed Combat
 * Level 1.8 Evocations


You had 6 spell levels left.
You didn't know any spells.

Dungeon Overview and Level Annotations

Branches:
Dungeon (6/15)
 Temple: D:4-7

Altars:
Yredelemnul
The Shining One


Innate Abilities, Weirdness & Mutations

You are too large for most types of armour.
You have claws for hands.
Your metabolism is lightning-fast.
You like to eat raw meat.
You heal very quickly.
You are covered in fur (AC +1).
You have very tough skin (AC +2).
You have a pair of small antennae on your head.
You have large cloven feet.
You are agile. (Dex +2)
You tend to lose your temper in combat.
Your spells are a little harder to cast, but a little more powerful.


Message History

You barely miss the orc wizard. Your kick misses the orc wizard.
The orc misses you.
You mangle the orc wizard!!
You kill the orc wizard!
You feel sick. The worker ant barely misses you.
You scratch the orc but do no damage. You kick the orc!
You kill the orc!
The orc warrior hits you with a battleaxe!!
* * * LOW HITPOINT WARNING * * *
The orc hits you with a hand axe.
* * * LOW HITPOINT WARNING * * *
The worker ant bites you.
* * * LOW HITPOINT WARNING * * *
You closely miss the orc warrior. Your kick misses the orc warrior.
The orc barely misses you.
You closely miss the orc warrior. You kick the orc warrior.
The orc warrior is lightly wounded.
The worker ant bites you but does no damage.
The orc warrior hits you with a battleaxe!!
You die...

... ..## #
##...# #.
.....##
.##......#
.>.......
##o...#
####a@.#
#...oo##
#...##oo#
##. #..%#
#.#...o..#
.....##...#
#..#..$ .!#
........
..#
#........#
.#


You could see an orc warrior, a worker ant and 4 orcs.

Vanquished Creatures
  The ghost of JudasIscariot the Ruffian, an amateur TrMo (D:4)
  A sky beast (D:5)
  The ghost of zkyp the Chopper, an amateur MiAE (D:3)
  A giant frog (D:3)
  A scorpion (D:4)
  A giant frog zombie (D:5)
  A giant frog skeleton (D:4)
  A centaur skeleton (D:4)
  Ijyb (D:3)
  5 orc wizards
  A hound (D:4)
  A gnoll shaman (D:5)
  2 orc priests
  A worker ant (D:5)
  5 gnolls (D:5)
  4 adders (D:2)
  An ooze (D:3)
  4 worms
  A giant gecko (D:2)
  14 orcs
  A ball python (D:3)
  2 giant cockroaches
  4 hobgoblins
  7 jackals
  6 bats
  A giant newt (D:4)
  7 goblins
  5 kobolds
  A quokka skeleton (D:4)
  7 rats
89 creatures vanquished.

Notes
Turn   | Place    | Note
--------------------------------------------------------------
     0 | D:1      | JudasIscariot the Troll Monk began the quest for the Orb.
     0 | D:1      | Reached XP level 1. HP: 22/22 MP: 0/0
   704 | D:2      | Reached XP level 2. HP: 21/29 MP: 1/1
   885 | D:2      | Reached XP level 3. HP: 32/36 MP: 2/2
  1425 | D:2      | Found a basalt altar of Yredelemnul.
  1428 | D:2      | Noticed a profane servitor
  1435 | D:2      | Found a glowing golden altar of the Shining One.
  1437 | D:2      | Noticed an angel
  1517 | D:2      | Reached XP level 4. HP: 35/44 MP: 3/3
  1753 | D:3      | Reached skill level 5 in Unarmed Combat
  1756 | D:3      | Noticed zkyp's ghost (amateur MiAE)
  1768 | D:3      | Killed zkyp's ghost
  1768 | D:3      | Reached XP level 5. HP: 51/53 MP: 4/4
  2048 | D:3      | Noticed a giant frog
  2054 | D:3      | Killed a giant frog
  2054 | D:3      | Reached skill level 1 in Evocations
  2054 | D:3      | Reached XP level 6. HP: 54/61 MP: 5/5
  2326 | D:3      | Found a faded altar to an unknown god.
  2334 | D:3      | Noticed Ijyb
  2345 | D:3      | Killed Ijyb
  2539 | D:4      | Noticed JudasIscariot's ghost (amateur TrMo)
  2558 | D:4      | Killed JudasIscariot's ghost
  2558 | D:4      | Reached XP level 7. HP: 5/67 MP: 6/6
  2559 | D:4      | HP: 1/100 [phantom (4)]
  2605 | D:4      | Reached skill level 6 in Unarmed Combat
  3165 | D:5      | Entered Level 5 of the Dungeon
  3333 | D:5      | Gained mutation: You have a pair of small antennae on your head. [mutagenic meat]
  3334 | D:5      | Gained mutation: Your spells are a little harder to cast, but a little more powerful. [mutagenic meat]
  3336 | D:5      | Gained mutation: You tend to lose your temper in combat. [mutagenic meat]
  3337 | D:5      | Gained mutation: You have large cloven feet. [mutagenic meat]
  3338 | D:5      | Gained mutation: You are agile. (Dex +2) [mutagenic meat]
  4211 | D:6      | Slain by an orc warrior

Action                   |  1- 3 |  4- 6 |  7- 9 || total
-------------------------+-------+-------+-------++-------
Melee: Unarmed           |    95 |    85 |    94 ||   274
 Abil: Evoke Berserk Rag |       |     2 |     1 ||     3
  Use: Scroll            |     3 |       |     4 ||     7
 Stab: Sleeping          |     1 |       |       ||     1
  Eat: Chunk             |    13 |    14 |    23 ||    50
